 Dungeon Crawl Stone Soup version 0.22.0-38-g04b72b8 (webtiles) character file.

67712 Lew the Fencer (level 14, 0/113 HPs)
             Began as a Minotaur Fighter on Aug 29, 2018.
             Was the Champion of Okawaru.
             Slain by a demonic crawler (3 damage)
             ... on level 1 of the Spider Nest.
             The game lasted 01:09:41 (21013 turns).

Lew the Fencer (Minotaur Fighter)                  Turns: 21013, Time: 01:09:42

Health: 0/113      AC: 23    Str: 22    XL:     14   Next: 84%
Magic:  18/18      EV: 22    Int:  9    God:    Okawaru [******]
Gold:   1427       SH:  0    Dex: 18    Spells: 13/13 levels left

rFire    + . .     SeeInvis .   B - +5 triple sword "Duthan Oruo" {chaos, Dex+2}
rCold    . . .     Gourm    .   (shield currently unavailable)
rNeg     . . .     Faith    .   W - +3 scale mail {rF+}
rPois    +         Spirit   .   v - +2 hat
rElec    .         Reflect  .   p - +0 cloak
rCorr    +         Harm     .   w - +2 pair of gloves
MR       +++..                  I - +3 pair of boots of Weirdness {MR++ Int+4}
Stlth    ..........             A - amulet of regeneration
HPRegen  0.68/turn              m - ring of resist corrosion
MPRegen  0.16/turn              i - +4 ring of evasion

@: very slightly contaminated, studying Dodging, invisible
A: retaliatory headbutt, horns 2, agile 1, frail 1, poison resistance
a: Heroism, Finesse, Renounce Religion


You were on level 1 of the Spider Nest.
You worshipped Okawaru.
Okawaru was exalted by your worship.
You were not hungry.

You visited 4 branches of the dungeon, and saw 19 of its levels.
You also visited: Sewer and Volcano.

You collected 1713 gold pieces.
You spent 286 gold pieces at shops.

Inventory:

Hand Weapons
 a - a +4 short sword of protection
 B - the +5 triple sword "Duthan Oruo" (weapon) {chaos, Dex+2}
   (Okawaru gifted it to you on level 5 of the Lair of Beasts)

   Each time it hits an enemy it has a different, random effect.
   It affects your dexterity (+2).
 G - the +1 falchion "Zorphan" {drain, +Fly rElec Int+4}
   (You found it on level 9 of the Dungeon)

   A truly terrible weapon, it drains the life of those it strikes.
   It affects your intelligence (+4).
   It insulates you from electricity.
   It lets you fly.
 X - a +6 scimitar of holy wrath
 Y - the +1 scimitar "Nyadul" {slice, rF+ MP+9 Stlth+}
   (Okawaru gifted it to you on level 4 of the Lair of Beasts)

   It inflicts extra damage upon your enemies.
   It protects you from fire.
   It affects your magic capacity (+9).
   It makes you more stealthy.
 Z - a +2 rapier of flaming
Armour
 c - a +0 shield
 p - a +0 cloak (worn)
 v - a +2 hat (worn)
 w - a +2 pair of gloves (worn)
 E - a +0 buckler of protection
 I - the +3 pair of boots of Weirdness (worn) {MR++ Int+4}
   (Okawaru gifted it to you on level 11 of the Dungeon)

   It affects your intelligence (+4).
   It affects your resistance to hostile enchantments.
 U - a +2 pair of boots of running
 V - a +2 scale mail of poison resistance
 W - a +3 scale mail of fire resistance (worn)
Jewellery
 b - an uncursed ring of poison resistance
 i - a +4 ring of evasion (right hand)
 m - a ring of resist corrosion (left hand)
 A - an amulet of regeneration (around neck)
 R - an uncursed amulet of the acrobat
Wands
 u - a wand of paralysis (45)
 x - a wand of iceblast (4)
 F - a wand of digging (33)
 N - a wand of clouds (3)
Scrolls
 e - a scroll of blinking
 g - a scroll of remove curse
 k - a scroll of amnesia
 r - 2 scrolls of teleportation
 t - a scroll of fear
 C - 2 scrolls of magic mapping
 J - a scroll of fog
 M - a scroll of brand weapon {unknown}
 Q - a scroll of acquirement
Potions
 d - 2 potions of might
 h - 4 potions of haste
 l - 8 potions of curing
 n - 2 potions of cancellation
 o - a potion of invisibility
 z - 2 potions of ambrosia
 D - 2 potions of brilliance
 H - a potion of agility
 K - 2 potions of resistance
 L - a potion of flight
 P - 2 potions of magic
Books
 s - a manual of Dodging
Miscellaneous
 q - a lamp of fire
 y - a fan of gales
Comestibles
 f - 35 rations


   Skills:
 + Level 12.2 Fighting
 + Level 16.2 Long Blades
 + Level 12.1 Armour
 + Level 11.5 Dodging
 - Level 15.1 Shields
 + Level 6.9 Invocations


You had 13 spell levels left.
You didn't know any spells.
Your spell library contained the following spells:

 Spells                   Type           Power        Failure   Level  Hunger
 Animate Skeleton         Necr           N/A          65%         1    ##.....
 Apportation              Tloc           #.....       65%         1    ##.....
 Confusing Touch          Hex            #.....       65%         1    ##.....
 Shock                    Conj/Air       #...         65%         1    ##.....
 Summon Small Mammal      Summ           #...         65%         1    ##.....
 Corpse Rot               Necr           N/A          78%         2    ###....
 Passwall                 Tmut/Erth      #.......     78%         2    ###....
 Searing Ray              Conj           #.....       78%         2    ###....
 Shroud of Golubria       Chrm/Tloc      #.........   78%         2    ###....
 Sublimation of Blood     Necr           #.........   78%         2    ###....
 Swiftness                Chrm/Air       #.......     78%         2    ###....
 Static Discharge         Conj/Air       #.......     95%         3    ####...
 Airstrike                Air            #.........   100%        4    #####..
 Lightning Bolt           Conj/Air       #.........   100%        5    ######.


Dungeon Overview and Level Annotations

Branches:
Dungeon (11/15)            Temple (1/1) D:5            Lair (6/6) D:11
 Shoals (0/4) Lair:4       Spider (1/4) Lair:3        Slime (0/5) Lair:5
    Orc: D:9-12

Altars:
Ashenzari
Cheibriados
Dithmenos
Elyvilon
Fedhas
Gozag
Hepliaklqana
Kikubaaqudgha
Makhleb
Nemelex Xobeh
Okawaru
Qazlal
Ru
Sif Muna
Trog
Uskayaw
Vehumet
Wu Jian
Xom
Yredelemnul
Zin
The Shining One
Jiyva

Shops:
D:8 *


Innate Abilities, Weirdness & Mutations

You reflexively headbutt those who attack you in melee.
You have a pair of horns on your head.
You are agile. (Dex +2)
You are frail. (-10% HP)
Your system is resistant to poisons. (rPois)


Message History

The demonic crawler barely misses you.
The demonic crawler hits you but does no damage.
Something completely misses you. Something closely misses you.
Something hits you!
* * * LOW HITPOINT WARNING * * *
The demonic crawler completely misses you.
You riposte.
You hit the demonic crawler.
Your bones ache.
The demonic crawler is moderately wounded.
The demonic crawler closely misses you.
The demonic crawler completely misses you.
You feel better. Something hits you but does no damage.
Something completely misses you. Something hits you.
* * * LOW HITPOINT WARNING * * *
The demonic crawler hits you!
* * * LOW HITPOINT WARNING * * *
The demonic crawler hits you.
* * * LOW HITPOINT WARNING * * *
The demonic crawler closely misses you. The demonic crawler hits you.
You die...

..## )#.#
..#.# ##$#
..##s# .#.#
#.#.#s# ##.#
..##.#s#.#.##
..#$#.#s##..#
..######s#..#
.s......†@..#
.......<###.#
.#(.........#
#...#.######
######


You could see a demonic crawler, a jumping spider and 3 redbacks.

Vanquished Creatures
  Rupert (Lair:3)
  An emperor scorpion (Lair:6)
  An entropy weaver (Lair:4)
  Nessos (Lair:6)
  5 dire elephants (Lair:6)
  2 catoblepae (Lair:6)
  10 hydras
  2 two-headed ogres
  A queen ant (Lair:4)
  A shock serpent (Lair:6)
  The ghost of Lew the Slasher, a novice MiFi of Okawaru (D:6)
  A hell knight (Volcano)
  The ghost of eyesofgods1 the Fighter, a novice GnWn of Sif Muna (D:6)
  3 oklob plants (Lair:1)
  2 ugly things
  18 elephants
  3 cyclopes (D:11)
  A manticore (Lair:4)
  4 black mambas
  2 molten gargoyles (Volcano)
  The ghost of Ymberto the Thaumaturge, a novice DEFE of Sif Muna (D:6)
  3 merfolk sirens (Lair:4)
  11 spiny frogs
  2 demonic crawlers (Spider:1)
  3 rime drakes
  4 komodo dragons
  2 red devils (Volcano)
  A merfolk (Lair:4)
  A polar bear (Lair:3)
  3 meliai (Lair:4)
  2 trolls (D:11)
  A jumping spider (Spider:1)
  Prince Ribbit (D:6)
  A queen bee (Lair:4)
  19 hippogriffs
  2 dream sheep (D:8)
  16 blink frogs
  A redback (Spider:1)
  A wraith (D:11)
  2 tarantellas (Spider:1)
  4 basilisks
  2 wyverns (Lair:4)
  19 yaks
  7 fire bats (Volcano)
  A steam dragon (Lair:4)
  A vampire mosquito (Spider:1)
  A hungry ghost (D:8)
  13 water moccasins
  15 soldier ants (Lair:4)
  A hell hound (Volcano)
  6 porcupines
  4 sky beasts
  4 ice beasts
  An orc warrior (D:11)
  A phantom (D:11)
  4 ogres
  6 centaurs
  3 wolves (Lair:2)
  11 crocodiles
  10 big kobolds
  18 bullfrogs
  3 scorpions
  36 killer bees
  9 wights
  4 howler monkeys
  8 crimson imps
  5 lava snakes (Volcano)
  A bullfrog zombie (D:5)
  A quasit (D:10)
  A centaur zombie (D:6)
  A bullfrog skeleton (D:11)
  2 orc priests (D:9)
  6 hounds
  4 orc wizards
  2 centaur skeletons
  4 iguanas
  26 worker ants
  7 hell rats
  2 hound zombies
  A hound skeleton (D:10)
  A howler monkey skeleton (D:10)
  A worker ant zombie (D:10)
  7 gnolls
  18 adders
  13 river rats
  A shadow imp (D:11)
  An ooze (D:1)
  4 worms
  2 dart slugs
  9 leopard geckos
  17 orcs
  8 ball pythons
  8 bats
  8 giant cockroaches
  6 goblins
  9 hobgoblins
  8 jackals
  28 kobolds
  4 quokkas
  6 frilled lizards
  A jackal skeleton (D:3)
  9 rats
  11 plants
573 creatures vanquished.

Vanquished Creatures (collateral kills)
  A sun demon (Volcano)
1 creature vanquished.

Vanquished Creatures (others)
  10 fungi
  12 plants
22 creatures vanquished.

Grand Total: 596 creatures vanquished

Notes
Turn   | Place    | Note
-------+----------+-------------------------------------------
     0 | D:1      | Lew the Minotaur Fighter began the quest for the Orb.
     0 | D:1      | Reached XP level 1. HP: 19/19 MP: 0/0
    75 | D:1      | Reached XP level 2. HP: 19/27 MP: 1/1
   229 | D:1      | Reached skill level 3 in Long Blades
   395 | D:1      | Reached skill level 1 in Dodging
   405 | D:1      | Reached XP level 3. HP: 29/33 MP: 2/2
   923 | D:2      | Reached XP level 4. HP: 40/40 MP: 3/3
   986 | D:2      | Reached skill level 4 in Long Blades
   996 | D:2      | HP: 2/40 [gnoll/halberd (7)]
  1405 | D:2      | Reached XP level 5. HP: 46/46 MP: 4/4
  1631 | D:3      | Gained mutation: You are partially covered in thin metallic scales. (AC +2) [potion of mutation]
  1631 | D:3      | Gained mutation: Your spells are a little harder to cast, but a little more powerful. [potion of mutation]
  1697 | D:3      | Found a bloodstained altar of Trog.
  1699 | D:3      | Found a deep blue altar of Sif Muna.
  1870 | D:3      | Found an ornate altar of the Wu Jian Council.
  2095 | D:3      | Found a glowing drain.
  2121 | Sewer    | Entered a sewer
  2159 | Sewer    | Reached skill level 5 in Long Blades
  2159 | Sewer    | Reached XP level 6. HP: 48/53 MP: 5/5
  2350 | Sewer    | Reached skill level 5 in Fighting
  2350 | Sewer    | Reached skill level 5 in Armour
  2350 | Sewer    | Reached skill level 5 in Shields
  2392 | D:3      | Lost mutation: Your spells are a little harder to cast, but a little more powerful. [potion of mutation]
  2392 | D:3      | Lost mutation: You are partially covered in thin metallic scales. (AC +2) [potion of mutation]
  2392 | D:3      | Gained mutation: Your body sometimes deteriorates upon taking damage. [potion of mutation]
  2392 | D:3      | Gained mutation: You expend magic power (3 MP) to strengthen your wands. [potion of mutation]
  2392 | D:3      | Gained mutation: Your spells are a little harder to cast, but a little more powerful. [potion of mutation]
  2392 | D:3      | Gained mutation: You are robust. (+10% HP) [potion of mutation]
  2437 | D:3      | Reached XP level 7. HP: 67/67 MP: 6/6
  2731 | D:4      | Reached skill level 6 in Long Blades
  3757 | D:5      | Entered Level 5 of the Dungeon
  3838 | D:5      | Reached skill level 7 in Long Blades
  3917 | D:5      | Found a staircase to the Ecumenical Temple.
  4357 | Temple   | Entered the Ecumenical Temple
  4605 | Temple   | Became a worshipper of Warmaster Okawaru
  4846 | D:6      | Reached skill level 8 in Long Blades
  4846 | D:6      | Reached XP level 8. HP: 72/74 MP: 7/7
  4929 | D:6      | Noticed a hippogriff
  4932 | D:6      | Reached skill level 5 in Dodging
  4943 | D:6      | Killed a hippogriff
  4943 | D:6      | Reached * piety under Okawaru
  4943 | D:6      | Reached skill level 9 in Long Blades
  4997 | D:6      | Noticed Prince Ribbit
  5007 | D:6      | Killed Prince Ribbit
  5007 | D:6      | Reached skill level 10 in Long Blades
  5079 | D:6      | Found a runed gate.
  5080 | D:6      | Found a runed gate.
  5080 | D:6      | Found a runed gate.
  5081 | D:6      | Noticed eyesofgods1's ghost (novice GnWn)
  5082 | D:6      | Noticed Ymberto's ghost (novice DEFE)
  5082 | D:6      | Noticed Lew's ghost (novice MiFi)
  5375 | D:6      | Killed eyesofgods1's ghost
  5375 | D:6      | Reached ** piety under Okawaru
  5375 | D:6      | Reached skill level 11 in Long Blades
  5375 | D:6      | Reached XP level 9. HP: 47/81 MP: 8/8
  5378 | D:6      | Killed Ymberto's ghost
  5378 | D:6      | Reached skill level 12 in Long Blades
  5388 | D:6      | Killed Lew's ghost
  5388 | D:6      | Reached *** piety under Okawaru
  5388 | D:6      | Reached skill level 13 in Long Blades
  5749 | D:7      | Found a sparkling altar of Nemelex Xobeh.
  6046 | D:7      | Reached **** piety under Okawaru
  6304 | D:7      | Reached skill level 14 in Long Blades
  6357 | D:7      | Found a sacrificial altar of Ru.
  6357 | D:7      | Found a glowing golden altar of the Shining One.
  6363 | D:7      | Found a faded altar of an unknown god.
  6365 | D:7      | Found a faded altar of an unknown god.
  6366 | D:7      | Found a shimmering altar of Xom.
  6956 | D:8      | Reached XP level 10. HP: 89/89 MP: 9/9
  7068 | D:8      | Found Raraeg's General Store.
  7146 | D:8      | Bought an uncursed ring of poison resistance for 260 gold pieces
  7146 | D:8      | Bought a scroll of identify for 26 gold pieces
  7428 | D:8      | Reached skill level 1 in Invocations
  7486 | D:8      | Noticed a three-headed hydra
  7494 | D:8      | Killed a three-headed hydra
  7494 | D:8      | Reached ***** piety under Okawaru
  7988 | D:9      | Noticed a two-headed ogre
  7992 | D:9      | Found a hazy altar of Hepliaklqana.
  8006 | D:9      | Killed a two-headed ogre
  8006 | D:9      | Reached skill level 15 in Long Blades
  8384 | D:9      | Got an encrusted falchion
  8385 | D:9      | Identified the +1 falchion "Zorphan" {drain, +Fly rElec Int+4} (You found it on level 9 of the Dungeon)
  8868 | D:10     | Entered Level 10 of the Dungeon
  8868 | D:10     | Noticed a two-headed ogre
  9070 | D:10     | Reached XP level 11. HP: 99/100 MP: 11/11
  9231 | D:10     | Killed a two-headed ogre
  9459 | D:11     | Noticed a green ugly thing
  9477 | D:11     | Killed a green ugly thing
  9495 | D:11     | Received a gift from Okawaru
  9498 | D:11     | Got a pair of bloodstained boots {god gift}
  9504 | D:11     | Identified the +3 pair of boots of Weirdness {MR++ Int+4} (Okawaru gifted it to you on level 11 of the Dungeon)
  9516 | D:11     | Found a staircase to the Lair.
  9956 | D:11     | Reached ****** piety under Okawaru
 10292 | D:11     | Got a shimmering trident
 10293 | D:11     | Identified the +5 trident of Wyrd {protect, rN+ MR+ Int-5 Dex+3} (You found it on level 11 of the Dungeon)
 10380 | Lair:1   | Entered Level 1 of the Lair of Beasts
 10788 | Lair:1   | Noticed an oklob plant
 10804 | Lair:1   | Noticed an oklob plant
 10804 | Lair:1   | Noticed an oklob plant
 10814 | Lair:1   | Killed an oklob plant
 10839 | Lair:1   | Killed an oklob plant
 10944 | Lair:1   | Killed an oklob plant
 11290 | Lair:2   | Reached XP level 12. HP: 105/113 MP: 13/13
 11510 | Lair:2   | Received a gift from Okawaru
 11514 | Lair:2   | Identified a +2 pair of boots of running (Okawaru gifted it to you on level 2 of the Lair of Beasts)
 11561 | Lair:2   | Noticed a six-headed hydra
 11577 | Lair:2   | Killed a six-headed hydra
 11642 | Lair:2   | Identified a scroll of acquirement
 12393 | Lair:3   | Noticed Rupert
 12440 | Lair:3   | Paralysed by Rupert for 6 turns
 12476 | Lair:3   | Paralysed by Rupert for 6 turns
 12490 | Lair:3   | Paralysed by Rupert for 7 turns
 12498 | Lair:3   | Killed Rupert
 12870 | Lair:3   | Reached skill level 10 in Fighting
 12947 | Lair:3   | Found a hole to the Spider Nest.
 12985 | Lair:3   | Reached skill level 10 in Armour
 13326 | Lair:4   | Found a staircase to the Shoals.
 13333 | Lair:4   | Reached skill level 10 in Shields
 13354 | Lair:4   | Reached skill level 5 in Invocations
 13455 | Lair:4   | Noticed a four-headed hydra
 13458 | Lair:4   | Received a gift from Okawaru
 13477 | Lair:4   | Killed a five-headed hydra
 13477 | Lair:4   | Reached XP level 13. HP: 72/125 MP: 15/15
 13590 | Lair:4   | Reached skill level 10 in Dodging
 14011 | Lair:4   | Got a transparent scimitar {god gift}
 14012 | Lair:4   | Identified the +1 scimitar "Nyadul" {slice, rF+ MP+9 Stlth+} (Okawaru gifted it to you on level 4 of the Lair of Beasts)
 14300 | Lair:4   | Received a gift from Okawaru
 14390 | Lair:4   | Noticed an entropy weaver
 14390 | Lair:4   | Noticed an entropy weaver
 15098 | Lair:4   | Killed an entropy weaver
 15600 | Lair:5   | Reached skill level 16 in Long Blades
 15748 | Lair:5   | Found a dark tunnel.
 15756 | Volcano  | Entered a volcano
 15972 | Volcano  | Received a gift from Okawaru
 15983 | Volcano  | Found a burning altar of Makhleb.
 16492 | Lair:5   | Reached XP level 14. HP: 116/137 MP: 17/17
 16573 | Lair:5   | Received a gift from Okawaru
 16574 | Lair:5   | Got a twisted triple sword {god gift}
 16668 | Lair:5   | Identified the +5 triple sword "Duthan Oruo" {chaos, Dex+2} (Okawaru gifted it to you on level 5 of the Lair of Beasts)
 16725 | Lair:5   | Found a staircase to the Slime Pits.
 16728 | Lair:5   | Found a viscous altar of Jiyva.
 17313 | Lair:6   | Entered Level 6 of the Lair of Beasts
 17686 | Lair:6   | Noticed Nessos
 17856 | Lair:6   | Killed Nessos
 17974 | Lair:6   | Received a gift from Okawaru
 18761 | Lair:6   | Lost mutation: Your body sometimes deteriorates upon taking damage. [potion of mutation]
 18761 | Lair:6   | Lost mutation: You are robust. (+10% HP) [potion of mutation]
 18761 | Lair:6   | Lost mutation: Your spells are a little harder to cast, but a little more powerful. [potion of mutation]
 18761 | Lair:6   | Gained mutation: Armour fits poorly on your strangely shaped body. [potion of mutation]
 18761 | Lair:6   | Gained mutation: Your spells are a little easier to cast, but a little less powerful. [potion of mutation]
 18761 | Lair:6   | Gained mutation: You are partially covered in icy blue scales. (AC +2) [potion of mutation]
 18762 | Lair:6   | Lost mutation: You expend magic power (3 MP) to strengthen your wands. [potion of mutation]
 18762 | Lair:6   | Lost mutation: You are partially covered in icy blue scales. (AC +2) [potion of mutation]
 18762 | Lair:6   | Gained mutation: You possess an exceptional clarity of mind. [potion of mutation]
 18762 | Lair:6   | Lost mutation: Your spells are a little easier to cast, but a little less powerful. [potion of mutation]
 18762 | Lair:6   | Gained mutation: You are somewhat resistant to further mutation. [potion of mutation]
 19037 | D:5      | Lost mutation: Armour fits poorly on your strangely shaped body. [potion of mutation]
 19037 | D:5      | Lost mutation: You possess an exceptional clarity of mind. [potion of mutation]
 19037 | D:5      | Lost mutation: You are somewhat resistant to further mutation. [potion of mutation]
 19037 | D:5      | Gained mutation: You are frail. (-10% HP) [potion of mutation]
 19037 | D:5      | Gained mutation: You are agile. (Dex +2) [potion of mutation]
 19037 | D:5      | Gained mutation: Your system is resistant to poisons. (rPois) [potion of mutation]
 20108 | Lair:6   | Identified Spellcraft Continued
 20124 | Lair:6   | Noticed a reaper
 20456 | Lair:6   | Reached skill level 15 in Shields
 20629 | Lair:6   | Noticed an emperor scorpion
 20629 | Lair:6   | a dire elephant changed into an emperor scorpion
 20637 | Lair:6   | Killed an emperor scorpion
 20746 | Lair:6   | Got a jewelled leather armour
 20757 | Lair:6   | Identified the +2 leather armour of Veul {Stlth+} (You found it on level 6 of the Lair of Beasts)
 20988 | Spider:1 | Entered Level 1 of the Spider Nest
 21012 | Spider:1 | HP: 3/113 [demonic crawler (4)]
 21013 | Spider:1 | Slain by a demonic crawler

Skill      XL: |  1  2  3  4  5  6  7  8  9 10 11 12 13 14 |
---------------+-------------------------------------------+-----
Long Blades    | 3 4 5 8 11 14 15 16 | 16.2
Dodging        | 1 2 3 4 5 6 8 9 11 | 11.5
Armour         | 4 5 6 8 10 11 12 | 12.1
Fighting       | 4 5 6 8 10 11 12 | 12.2
Shields        | 4 5 6 8 10 11 15 | 15.1
Invocations    | 2 3 5 6 |  6.9

Action                   |  1- 3 |  4- 6 |  7- 9 | 10-12 | 13-15 || total
-------------------------+-------+-------+-------+-------+-------++-------
Melee: Long sword        |    19 |       |       |   123 |       ||   142
       Headbutt          |     8 |    17 |    69 |   268 |   236 ||   598
       Spear             |    72 |   150 |    32 |       |       ||   254
       Dagger            |       |       |   251 |   121 |    26 ||   398
       Falchion          |       |       |       |   753 |    73 ||   826
       Scimitar          |       |       |       |       |   423 ||   423
       Triple sword      |       |       |       |       |   250 ||   250
       Rapier            |       |       |       |       |     9 ||     9
Evoke: Wand              |       |       |     3 |     1 |     4 ||     8
       Sack of spiders   |       |       |       |       |     9 ||     9
  Use: Scroll            |     4 |     2 |     8 |    19 |    19 ||    52
       Potion            |       |     7 |     3 |     5 |    20 ||    35
 Stab: Invisible         |       |       |     3 |       |       ||     3
       Petrified         |       |       |       |       |     2 ||     2
       Paralysed         |       |       |       |       |     2 ||     2
  Eat: Chunk             |       |     5 |     8 |     8 |     7 ||    28
       Ration            |       |       |     2 |     4 |     5 ||    11
Armor: Scale mail        |    40 |       |       |    38 |   325 ||   403
       Ring mail         |       |    26 |    51 |   124 |       ||   201
Dodge: Dodged            |    28 |    55 |   113 |   446 |   725 ||  1367
Block: Shield            |    38 |    59 |   128 |   409 |   329 ||   963
       Rpst.: Long sword |     2 |       |       |    12 |       ||    14
       Falchion          |       |       |       |    77 |    17 ||    94
       Scimitar          |       |       |       |       |    52 ||    52
       Triple sword      |       |       |       |       |    55 ||    55
